[Event "Late-Titled-Tuesday-Blitz-March-19-2024"]
[Site "Chess.com"]
[Date "2024.03.19"]
[Round "2"]
[White "Polish_fighter3000"]
[Black "CarlosjPineror"]
[Result "1-0"]
[WhiteElo "3127"]
[BlackElo "2681"]
[TimeControl "180+1"]
[EndTime "14:15:36 PDT"]
[Termination "Polish_fighter3000 won by resignation"]

1. e4 c5 2. Nf3 e6 3. b3 b6 4.
Bb2 Bb7 5. Nc3 a6 6. d4 cxd4 7. Nxd4 Qc7 8. Qd2 Nf6 9. f3 Nc6 10. O-O-O Bb4 11. a3 Be7 12. Kb1 O-O 13. g4 d6 14. g5 Nd7 15. h4 Rac8 16. Nf5 exf5 17. Nd5 Qd8 18. exf5 Nce5 19. f4 Bxd5 20. Qxd5 Ng4 21.
Rg1 Ne3 22. Qd4 Nxf5 23. Qe4 g6 24. h5 Nc5 25. Qf3 Ne6 26. hxg6 fxg6 27. Qd5 Qd7 28. Re1 Kf7 29. b4 b5 30. Bd3 Rfe8 31. Bxf5 gxf5 32. Qxf5+ Kg8 33. g6 1-0

[Event "Late-Titled-Tuesday-Blitz-March-19-2024"]
[Site "Chess.com"]
[Date "2024.03.19"]
[Round "2"]
[White "Vladimir_Zakhartsov"]
[Black "best926"]
[Result "1-0"]
[WhiteElo "2984"]
[BlackElo "2548"]
[TimeControl "180+1"]
[EndTime "14:15:36 PDT"]
[Termination "Vladimir_Zakhartsov won by resignation"]

1. d4 d5 2. c4 e6 3. Nf3 a6 4.
cxd5 exd5 5. Nc3 h6 6. Bf4 Nf6 7. e3 Bd6 8. Ne5 O-O 9. Bd3 Re8 10. Bg3 c5 11. O-O b5 12. Rc1 Bb7 13. Bb1 c4 14. f4 Nfd7 15. Qh5 Qe7 16. Bh4 f6 17. Rf3 Bxe5 18.
fxe5 Qf7 19. Bg6 1-0

[Event "Late-Titled-Tuesday-Blitz-March-19-2024"]
[Site "Chess.com"]
[Date "2024.03.19"]
[Round "2"]
[White "Sinquefield"]
[Black "lluiss"]
[Result "1-0"]
[WhiteElo "2515"]
[BlackElo "2262"]
[TimeControl "180+1"]
[EndTime "14:15:36 PDT"]
[Termination "Sinquefield won by resignation"]

1. d4 Nf6 2. Bg5 e6 3. Nf3 c5 4. e3 b6 5. Nbd2 Bb7 6. Bd3 Be7 7. c3 O-O 8. O-O h6 9. Bh4 Nc6 10. Re1 cxd4 11. exd4 d6 12. Qe2 Nb8 13. Rad1 Nbd7 14. Nc4 d5 15. Ncd2 a5 16. Ne5 Nxe5 17. dxe5 Nd7 18. Bxe7 Qxe7 19. Qh5 Rfd8 20. Nf3 Nc5 21. Bb1 Ne4 22. Rd4 b5 23. h3 Rab8 24. Nh2 Qg5 25. Qd1 Nc5 26. Rg4 Qe7 27. Nf3 Na4 28. Qc2 Bc6 29.
Qh7+ 1-0

[Event "Late-Titled-Tuesday-Blitz-March-19-2024"]
[Site "Chess.com"]
[Date "2024.03.19"]
[Round "2"]
[White "korkmaz16"]
[Black "Jahonas"]
[Result "1-0"]
[WhiteElo "2571"]
[BlackElo "2360"]
[TimeControl "180+1"]
[EndTime "14:15:39 PDT"]
[Termination "korkmaz16 won by resignation"]

1. e4 c6 2. d4 d5 3. Nc3 dxe4 4.
Nxe4 Nd7 5. Ng5 Ngf6 6. Bc4 e6 7. Qe2 Nb6 8. Bd3 h6 9. N5f3 Bd6 10. Ne5 Qc7 11. Ngf3 Nbd5 12. a3 b5 13. O-O O-O 14.
Bd2 a6 15. Rac1 Bb7 16. c4 bxc4 17. Nxc4 Bf4 18. Nce5 Bxd2 19. Qxd2 Rfd8 20. Rfd1 Qb6 21. Bb1 Rac8 22. Qc2 Ne7 23. Nc4 Qc7 24. b4 Qf4 25. Nce5 Nf5 26. g3 Nxd4 27. gxf4 Nxc2 28. Bxc2 Nd5 29. f5 f6 30. Ng6 Nc3 31. Re1 Rc7 1-0

[Event "Late-Titled-Tuesday-Blitz-March-19-2024"]
[Site "Chess.com"]
[Date "2024.03.19"]
[Round "2"]
[White "Leo_C"]
[Black "igorkovalenko"]
[Result "1-0"]
[WhiteElo "2649"]
[BlackElo "2918"]
[TimeControl "180+1"]
[EndTime "14:15:41 PDT"]
[Termination "Leo_C won by checkmate"]

1. d4 Nf6 2. c4 e6 3. Nf3 b6 4. a3 Ba6 5. Qc2 Bb7 6. Nc3 c5 7. e4 cxd4 8. Nxd4 Nc6 9. Nxc6 Bxc6 10. Bf4 Bc5 11. Rd1 O-O 12. Be2 a5 13. O-O Qe7 14. Bg5 h6 15. Bh4 d6 16. Kh1 g5 17. Bg3 e5 18.
Nd5 Nxd5 19. cxd5 Bd7 20. f3 a4 21. Bf2 Kh8 22. Qd2 h5 23. Be3 Rg8 24. g3 h4 25.
gxh4 gxh4 26. Bxc5 bxc5 27. Qh6# 1-0

[Event "Late-Titled-Tuesday-Blitz-March-19-2024"]
[Site "Chess.com"]
[Date "2024.03.19"]
[Round "2"]
[White "bescmelasti"]
[Black "Firouzja2003"]
[Result "0-1"]
[WhiteElo "2672"]
[BlackElo "3102"]
[TimeControl "180+1"]
[EndTime "14:15:42 PDT"]
[Termination "Firouzja2003 won by resignation"]

1. e4 c5 2. Nf3 d6 3. d4 cxd4 4. Nxd4 Nf6 5. Nc3 a6 6. g3 g6 7. Bg2 Bg7 8. O-O O-O 9. Re1 Bg4 10. Nde2 Nc6 11. h3 Bd7 12. Be3 b5 13. a4 b4 14. Nd5 Nxd5 15. exd5 Ne5 16. Bd4 Rc8 17. b3 Bf5 18. Rc1 h5 19. f4 Nd7 20. Bxg7 Kxg7 21. Nd4 Nf6 22. Nc6 Qb6+ 23. Kh2 Rxc6 24. dxc6 Ng4+ 25.
hxg4 hxg4 0-1

[Event "Late-Titled-Tuesday-Blitz-March-19-2024"]
[Site "Chess.com"]
[Date "2024.03.19"]
[Round "2"]
[White "ExchangeAB"]
[Black "MarcoRiehle"]
[Result "0-1"]
[WhiteElo "2501"]
[BlackElo "2785"]
[TimeControl "180+1"]
[EndTime "14:15:52 PDT"]
[Termination "MarcoRiehle won by checkmate"]

1. e4 e5 2. Nf3 Nf6 3. Bc4 Nxe4 4.
Nxe5 d5 5. Be2 Bd6 6. d4 Nc6 7. Nxc6 bxc6 8. Nd2 f5 9. Nf3 O-O 10. O-O Bd7 11. c3 g5 12. Ne1 h6 13. f3 Nf6 14.
Nd3 f4 15. Re1 Re8 16. Bd2 Bf5 17. Bf1 Nd7 18. Rxe8+ Qxe8 19. Qe1 Kf7 20. Qxe8+ Rxe8 21. Re1 Rxe1 22. Bxe1 c5 23. dxc5 Nxc5 24. Nxc5 Bxc5+ 25. Bf2 Bxf2+ 26. Kxf2 Ke6 27. Ke1 c5 28. Kd2 Ke5 29. Bd3 Be6 30. a3 h5 31. h3 d4 32. Be2 Bd5 33. b4 cxb4 34. cxb4 g4 35. hxg4 hxg4 36.
a4 g3 37. a5 Bb7 38. b5 Kd5 39. Kc2 Kc5 40. Kb3 Bd5+ 41. Ka4 Bc4 42. Bxc4 Kxc4 43.
b6 d3 44. b7 d2 45. b8=Q d1=Q+ 46. Ka3 Qa1# 0-1

[Event "Late-Titled-Tuesday-Blitz-March-19-2024"]
[Site "Chess.com"]
[Date "2024.03.19"]
[Round "2"]
[White "RantomOpening"]
[Black "RichardShtivelband"]
[Result "1-0"]
[WhiteElo "2590"]
[BlackElo "2371"]
[TimeControl "180+1"]
[EndTime "14:15:55 PDT"]
[Termination "RantomOpening won by resignation"]

1. e4 e5 2. Nf3 Nc6 3. c3 Nf6 4. d4 Nxe4 5. Bd3 d5 6. Nxe5 Nxe5 7.
dxe5 Nc5 8. Bc2 Be7 9. O-O O-O 10. Nd2 d4 11. cxd4 Qxd4 12. Nf3 Qxd1 13. Rxd1 Bg4 14. Be3 Bxf3 15. gxf3 Rfd8 16. f4 b6 17. b4 Nd7 18.
Bf5 Nf8 19. b5 a6 20. Be4 Ra7 21. Rxd8 Bxd8 22. Bc6 axb5 23. Bxb5 c5 24. a4 Be7 25.
Rd1 g6 26. Kg2 Ne6 27. Kf3 Nc7 28. Rb1 Nxb5 29. Rxb5 Rxa4 30. Rxb6 c4 31. Rc6 h5 32. Bd4 Kh7 33. Rc7 1-0

[Event "Late-Titled-Tuesday-Blitz-March-19-2024"]
[Site "Chess.com"]
[Date "2024.03.19"]
[Round "2"]
[White "KnightmareJoker"]
[Black "BigAl"]
[Result "1-0"]
[WhiteElo "2309"]
[BlackElo "2509"]
[TimeControl "180+1"]
[EndTime "14:15:55 PDT"]
[Termination "KnightmareJoker won by resignation"]

1. e4 c6 2. d4 d5 3. exd5 cxd5 4. Bd3 Nc6 5. c3 Qc7 6. Ne2 Bg4 7. h3 Bd7 8. Bf4 e5 9. dxe5 Nxe5 10. O-O Bd6 11.
Bxe5 Bxe5 12. Nd4 Nf6 13. Nd2 O-O 14. N2f3 Bf4 15. Ne2 Bd6 16. Ned4 a6 17. Nf5 Bxf5 18. Bxf5 Rad8 19. Nd4 g6 20. Bd3 Ne4 21. Bxe4 dxe4 22.
Re1 Rfe8 23. Qg4 Qe7 24. Nf5 Qe5 25. Nxd6 Rxd6 26. Re2 f5 27. Qg5 Kg7 28. Rae1 h6 29. Qe3 f4 30. Qxe4 Qxe4 31. Rxe4 Rxe4 32. Rxe4 Rd1+ 33.
Kh2 Rd2 34. Rxf4 Rxb2 35. Rb4 Rxa2 36. Rxb7+ Kf6 37. Kg3 Ra3 38. Rc7 a5 39. Kf4 g5+ 40.
Ke4 Ra4+ 41. c4 Ke6 42. Rc6+ Kd7 43. Rxh6 Rxc4+ 44. Kd5 Rc2 45. Rh7+ Kc8 46. Rf7 a4 47. Kd4 a3 48. Kd3 Rc7 49. Rxc7+ Kxc7 50. Kc3 1-0

[Event "Late-Titled-Tuesday-Blitz-March-19-2024"]
[Site "Chess.com"]
[Date "2024.03.19"]
[Round "2"]
[White "MYMChessAcademy"]
[Black "Joachim100x"]
[Result "0-1"]
[WhiteElo "2214"]
[BlackElo "2501"]
[TimeControl "180+1"]
[EndTime "14:15:56 PDT"]
[Termination "Joachim100x won by resignation"]

1. e4 c5 2. Nf3 e6 3. d4 cxd4 4.
Nxd4 Bc5 5. Nb3 Bb6 6. Nc3 Ne7 7.
Bd3 O-O 8. O-O Nbc6 9. a4 f5 10. Qe2 Nb4 11. Bg5 Nxd3 12. cxd3 f4 13. Qf3 h6 14.
Bxe7 Qxe7 15. d4 d6 16. Rae1 Bd7 17. Qg4 e5 18. Nd5 Qf7 19. Qf3 Bxa4 20. dxe5 dxe5 21. Ra1 Bc6 22. Rfd1 Rad8 23. Nxb6 axb6 24. Nd2 Rd4 25. Rac1 Rfd8 26. Qe2 Qd7 27. Rc2 Ba4 28. b3 Bxb3 29.
Rcc1 Bxd1 30. Rxd1 Rxd2 31. Rxd2 Qxd2 32. Qc4+ Kh8 33.
h3 f3 34. g3 Qe1+ 0-1

[Event "Late-Titled-Tuesday-Blitz-March-19-2024"]
[Site "Chess.com"]
[Date "2024.03.19"]
[Round "2"]
[White "Heliosis11"]
[Black "ChessSwole"]
[Result "0-1"]
[WhiteElo "2232"]
[BlackElo "2708"]
[TimeControl "180+1"]
[EndTime "14:15:59 PDT"]
[Termination "ChessSwole won by resignation"]

1. e4 c6 2. d4 d5 3. Nd2 dxe4 4. Nxe4 Nf6 5. Nxf6+ exf6 6. c3 Bd6 7. Bd3 O-O 8.
Ne2 Re8 9. Qc2 h5 10. O-O Nd7 11. Re1 h4 12. h3 Nf8 13. Be3 Be6 14. Nf4 Qc7 15.
Nxe6 Nxe6 16. Re2 Bh2+ 17. Kh1 Bf4 18. Rae1 Bxe3 19. Rxe3 Re7 20. Bh7+ Kf8 21. Bf5 Rae8 22. Qd1 Nf4 23. Qg4 g6 24. Bb1 Nd5 25. Qxh4 Kg7 26.
Rxe7 Rxe7 27. Rxe7 Qxe7 28. Qe4 Qc7 29. c4 Ne7 30. b3 Nf5 31. Qg4 Nd6 32. Bd3 Qa5 33.
Qe2 Qc3 34. d5 cxd5 35. cxd5 Qd4 36. Bc4 Ne4 37. f3 Ng3+ 0-1

[Event "Late-Titled-Tuesday-Blitz-March-19-2024"]
[Site "Chess.com"]
[Date "2024.03.19"]
[Round "2"]
[White "sansanathalia"]
[Black "ozates"]
[Result "1-0"]
[WhiteElo "2383"]
[BlackElo "2562"]
[TimeControl "180+1"]
[EndTime "14:15:59 PDT"]
[Termination "sansanathalia won by resignation"]

1. e4 e5 2. Nf3 Nc6 3. Bb5 d6 4. d4 exd4 5. Nxd4 Bd7 6. Bxc6 bxc6 7. Nc3 g6 8. O-O Bg7 9. Be3 Nf6 10. f3 Kf8 11.
Qd2 c5 12. Nde2 Rb8 13. Rab1 Be6 14. e5 Nd7 15. exd6 cxd6 16. Qxd6+ Kg8 17. Rfd1 Be5 18.
Qd2 Qc7 19. Bf4 Kg7 20. Ne4 Rbd8 21. Bxe5+ Nxe5 22. Qc3 f6 23. Nxc5 Qb6 24. Nd4 Bxa2 25. Ra1 Bf7 26. Ra6 Qb8 27. Nce6+ Bxe6 28. Nxe6+ Kh6 29.
Nxd8 Rxd8 30. Rxd8 Qxd8 31. h3 Qd1+ 32. Kh2 g5 33.
Qxe5 1-0

[Event "Late-Titled-Tuesday-Blitz-March-19-2024"]
[Site "Chess.com"]
[Date "2024.03.19"]
[Round "2"]
[White "campochess"]
[Black "DucksParadise"]
[Result "0-1"]
[WhiteElo "2199"]
[BlackElo "2494"]
[TimeControl "180+1"]
[EndTime "14:16:06 PDT"]
[Termination "DucksParadise won by resignation"]

1. Nc3 d5 2. d4 Nf6 3. Bf4 c5 4. dxc5 e6 5. b4 a5 6. a3 axb4 7. axb4 Rxa1 8. Qxa1 Nc6 9. Nf3 Nxb4 10. Qa4+ Nc6 11.
e3 Bxc5 12. Bb5 Bd7 13. O-O O-O 14. Rd1 Qa8 15. Bxc6 Bxc6 16. Qb3 Qa3 17. Qxa3 Bxa3 18.
Ne5 Rc8 19. Nxc6 Rxc6 20. Be5 Bb2 21. Rd3 Bxc3 22. Bxc3 Ne4 23. Be5 f6 24. Bb8 Rxc2 25. h3 Rxf2 26. Rb3 Re2 27. Ba7 h5 28. Rxb7 e5 29.
h4 Kh7 30. Bc5 Nxc5 0-1

[Event "Late-Titled-Tuesday-Blitz-March-19-2024"]
[Site "Chess.com"]
[Date "2024.03.19"]
[Round "2"]
[White "ViralduS"]
[Black "Jospem"]
[Result "0-1"]
[WhiteElo "2655"]
[BlackElo "3059"]
[TimeControl "180+1"]
[EndTime "14:16:08 PDT"]
[Termination "Jospem won by resignation"]

1. c4 c5 2. Nf3 Nc6 3. g3 g6 4.
Bg2 Bg7 5. O-O d6 6. Nc3 e6 7. a3 Nge7 8. Rb1 O-O 9. b4 Rb8 10. bxc5 dxc5 11. Ne4 b6 12. Bb2 e5 13. d3 Bb7 14. h4 h6 15. h5 f5 16. Nc3 g5 17.
Nd5 Qd6 18. e4 f4 19. Nh2 Nd8 20. Bh3 Nec6 21. Kh1 Ne6 22. Ng4 Kh8 23. Rg1 Rf7 24. Bc1 Rbf8 25. gxf4 Nxf4 26. Bxf4 exf4 27. Nh2 f3 28.
Qd2 Nd4 29. Rg3 Be5 30. Rbg1 Bxg3 31. Rxg3 Bxd5 32. cxd5 Ne2 33. Nf1 Qe5 34. Be6 Rf4 35.
Rh3 c4 0-1

[Event "Late-Titled-Tuesday-Blitz-March-19-2024"]
[Site "Chess.com"]
[Date "2024.03.19"]
[Round "2"]
[White "Jamal-Jamal-Jamal"]
[Black "Actuary44"]
[Result "0-1"]
[WhiteElo "2260"]
[BlackElo "2513"]
[TimeControl "180+1"]
[EndTime "14:16:10 PDT"]
[Termination "Actuary44 won by resignation"]

1. e4 b6 2. d4 Bb7 3. Bd3 e6 4. c4 Nf6 5. Qe2 Be7 6. Nf3 d6 7. Nc3 O-O 8. O-O Nbd7 9. h3 e5 10. d5 Ne8 11. b4 c5 12. b5 Bc8 13. Nh2 f5 14. exf5 Ndf6 15. f4 exf4 16. Bxf4 a6 17. a4 axb5 18. axb5 Rxa1 19. Rxa1 Nd7 20. Qe6+ Kh8 21. Re1 Ne5 22. Bxe5 Bxe6 23. Bxg7+ Nxg7 24. fxe6 Bh4 25. Re4 Nf5 26. Rf4 Nd4 27. Re4 Qg5 28.
Ng4 Qc1+ 29. Kh2 Qxc3 30. e7 Bxe7 31. Rxe7 Qxd3 0-1

[Event "Late-Titled-Tuesday-Blitz-March-19-2024"]
[Site "Chess.com"]
[Date "2024.03.19"]
[Round "2"]
[White "SaqoChess_Twitch"]
[Black "SpeedofLight0"]
[Result "0-1"]
[WhiteElo "2657"]
[BlackElo "3070"]
[TimeControl "180+1"]
[EndTime "14:16:11 PDT"]
[Termination "SpeedofLight0 won by checkmate"]

1. d4 d6 2. c4 g6 3. Nf3 Bg7 4. Nc3 Nc6 5. Bf4 Nf6 6. h3 O-O 7. e3 Nd7 8. Bg3 e5 9. dxe5 dxe5 10. Qc2 f5 11. Be2 e4 12. Nd2 Nde5 13. a3 g5 14. Bxe5 Nxe5 15. g4 Nd3+ 16. Bxd3 exd3 17. Qb3 fxg4 18.
hxg4 Bxg4 19. Qxb7 Rb8 20. Qg2 Rxb2 21. Nd5 h5 22. Rc1 c6 23. Nc3 Qa5 24. Qxc6 Bxc3 25. Qg6+ Bg7 26. Qxd3 Rxf2 27. Kxf2 Rxd2+ 28. Qxd2 Qxd2+ 29. Kg3 Be5# 0-1

[Event "Late-Titled-Tuesday-Blitz-March-19-2024"]
[Site "Chess.com"]
[Date "2024.03.19"]
[Round "2"]
[White "Jimonios"]
[Black "Igrok3069"]
[Result "0-1"]
[WhiteElo "2604"]
[BlackElo "2859"]
[TimeControl "180+1"]
[EndTime "14:16:11 PDT"]
[Termination "Igrok3069 won on time"]

1. e4 e5 2. Nf3 Nc6 3. Bb5 a6 4.
Ba4 Nge7 5. c3 Ng6 6. d4 exd4 7. cxd4 Bb4+ 8. Nc3 d5 9. exd5 Bxc3+ 10. bxc3 Qxd5 11. O-O O-O 12. Ng5 h6 13. Bb3 Qa5 14. Qh5 Nce7 15. f4 hxg5 16. fxg5 Qxc3 17. Ba3 Qxd4+ 18. Kh1 Bg4 0-1

[Event "Late-Titled-Tuesday-Blitz-March-19-2024"]
[Site "Chess.com"]
[Date "2024.03.19"]
[Round "2"]
[White "Zeitnot593"]
[Black "Nicolik"]
[Result "0-1"]
[WhiteElo "2272"]
[BlackElo "2522"]
[TimeControl "180+1"]
[EndTime "14:16:17 PDT"]
[Termination "Nicolik won by resignation"]

1. d4 d5 2. Nf3 Nc6 3. e3 Bf5 4. Bd3 e6 5. O-O Nf6 6. a3 Bd6 7. Qe2 Ne4 8. Nbd2 Qf6 9. c4 Qh6 10. c5 Be7 11. b4 Bf6 12. Bxe4 dxe4 13. Ne1 O-O 14. Bb2 Rad8 15. Nc2 e5 16. Nb3 Qg6 17. Kh1 Be6 18. dxe5 Nxe5 19. Nbd4 Bc4 20. Qe1 Nd3 21. Qb1 Nxb2 22. Qxb2 Bxf1 23. Rxf1 Rd5 24. Qb3 Rfd8 25. h3 Be5 26. Qc4 c6 27. a4 f5 28. f4 exf3 29. Rxf3 Kh8 30. a5 f4 31. a6 bxa6 32. e4 Rxd4 33.
Nxd4 Rxd4 34. Qxa6 Rd1+ 35. Kh2 Qg3+ 0-1

[Event "Late-Titled-Tuesday-Blitz-March-19-2024"]
[Site "Chess.com"]
[Date "2024.03.19"]
[Round "2"]
[White "Practical-Play"]
[Black "tarno17"]
[Result "1-0"]
[WhiteElo "2489"]
[BlackElo "2176"]
[TimeControl "180+1"]
[EndTime "14:16:19 PDT"]
[Termination "Practical-Play won on time"]

1. e4 c5 2. c3 d5 3. exd5 Qxd5 4. d4 e6 5. Nf3 Nf6 6. Na3 Qd6 7. Nb5 Qb6 8. a4 a6 9. a5 Qd8 10. Na3 Qxa5 11.
Bf4 Nd5 12. Bg3 cxd4 13. Nb5 Qd8 14. c4 Bb4+ 15. Nd2 axb5 16. Rxa8 O-O 17. cxd5 Na6 18.
Bd3 exd5 19. O-O Qg5 20. Nf3 Qh6 21. Nxd4 Nc7 22. Bxc7 1-0

[Event "Late-Titled-Tuesday-Blitz-March-19-2024"]
[Site "Chess.com"]
[Date "2024.03.19"]
[Round "2"]
[White "Durarbayli"]
[Black "IMchanged"]
[Result "1-0"]
[WhiteElo "2969"]
[BlackElo "2650"]
[TimeControl "180+1"]
[EndTime "14:16:21 PDT"]
[Termination "Durarbayli won by resignation"]

1. e4 a6 2. d4 e6 3. Nf3 d5 4. e5 Bd7 5. a4 c5 6. c3 Nc6 7. Be2 cxd4 8. cxd4 Nge7 9. O-O Nf5 10. Na3 Rc8 11.
Nc2 Be7 12. Kh1 O-O 13. g4 Nh4 14. Nxh4 Bxh4 15. f4 f6 16. Ra3 fxe5 17. dxe5 Be7 18. Rh3 g6 19. Bd3 Qe8 20. Bd2 Bc5 21. b4 Ba7 22.
Qe1 Nd4 23. Qh4 Rf7 24. Nxd4 Bxd4 25. Bxg6 Bxe5 26. Bxh7+ Kf8 27. Bg6 Bg7 28. Qh5 Rc2 29.
Bxc2 1-0

[Event "Late-Titled-Tuesday-Blitz-March-19-2024"]
[Site "Chess.com"]
[Date "2024.03.19"]
[Round "2"]
[White "maciek_92"]
[Black "Mikasinski"]
[Result "0-1"]
[WhiteElo "2887"]
[BlackElo "2639"]
[TimeControl "180+1"]
[EndTime "14:16:21 PDT"]
[Termination "Mikasinski won by resignation"]

1. c4 e5 2. Nc3 Nc6 3. g3 Bc5 4. Bg2 d6 5. e3 Bf5 6. d3 a6 7.
Nge2 Qd7 8. h3 Rb8 9. a3 b5 10. b4 Ba7 11. cxb5 axb5 12. a4 Nxb4 13. e4 Be6 14.
axb5 Bc5 15. Be3 Ne7 16. h4 Bg4 17. O-O O-O 18. Qd2 f5 19. f3 Bxe3+ 20. Qxe3 Nc2 21.
Qd2 Nxa1 22. Qa2+ d5 23. fxg4 Ra8 24. Qb2 fxe4 25. Rxa1 Rxa1+ 26. Qxa1 exd3 27. Nc1 Qxg4 28. Nxd5 d2 29. Ne3 Qd4 30. Qa2+ Kh8 0-1

[Event "Late-Titled-Tuesday-Blitz-March-19-2024"]
[Site "Chess.com"]
[Date "2024.03.19"]
[Round "2"]
[White "Horokoskii"]
[Black "Bugcrusher"]
[Result "0-1"]
[WhiteElo "2172"]
[BlackElo "2484"]
[TimeControl "180+1"]
[EndTime "14:16:23 PDT"]
[Termination "Bugcrusher won by resignation"]

1. e4 e6 2. d4 d5 3. e5 c5 4. c3 Nc6 5. a3 c4 6. f4 h5 7. Nf3 Nh6 8. Be2 Nf5 9. O-O Bd7 10. b3 cxb3 11. Qxb3 Na5 12. Qd1 Rc8 13. a4 Nc4 14. Na3 Nxa3 15. Bxa3 Bxa3 16. Rxa3 Ne3 17.
Qb1 Nxf1 18. Bxf1 Qb6 19. Rb3 Qa5 20. Rxb7 Qxc3 21. h3 Qe3+ 22. Kh1 Qxf4 23. Bb5 Rc1+ 24. Qxc1 Qxc1+ 25. Kh2 Bxb5 26. Rb8+ Ke7 0-1

[Event "Late-Titled-Tuesday-Blitz-March-19-2024"]
[Site "Chess.com"]
[Date "2024.03.19"]
[Round "2"]
[White "DFeco"]
[Black "atbenina64"]
[Result "0-1"]
[WhiteElo "2441"]
[BlackElo "2735"]
[TimeControl "180+1"]
[EndTime "14:16:25 PDT"]
[Termination "atbenina64 won by checkmate"]

1. d4 Nf6 2. Nf3 g6 3. Nc3 d5 4.
Bf4 Bg7 5. Nb5 Na6 6. e3 O-O 7. h3 Ne4 8. Bd3 c5 9. Bxe4 dxe4 10. Ne5 Qa5+ 11. Nc3 Be6 12. O-O f6 13. Ng4 g5 14.
d5 Bxg4 15. Qxg4 gxf4 16. exf4 f5 17. Qg3 Kh8 18. Rfd1 Nb4 19. d6 exd6 20. Rxd6 Nxc2 21. Rd7 Rg8 22. Rad1 Bf6 23. Qh2 e3 24. fxe3 Nxe3 25. R1d2 Bxc3 26. bxc3 Qxc3 27. g4 Qc1+ 28. Kf2 Rae8 29.
Kf3 Nf1 30. Qf2 fxg4+ 31. hxg4 Re3+ 32. Kg2 Rxg4+ 33. Kh1 Ng3+ 34. Kh2 Qh1# 0-1

[Event "Late-Titled-Tuesday-Blitz-March-19-2024"]
[Site "Chess.com"]
[Date "2024.03.19"]
[Round "2"]
[White "Lord_of_the_Vision"]
[Black "VanRommel28"]
[Result "0-1"]
[WhiteElo "2228"]
[BlackElo "2505"]
[TimeControl "180+1"]
[EndTime "14:16:25 PDT"]
[Termination "VanRommel28 won by checkmate"]

1. e4 d6 2. d4 Nf6 3. Nc3 g6 4. Nf3 Bg7 5. Bc4 O-O 6. O-O Bg4 7. h3 Bxf3 8. Qxf3 Nc6 9. Bg5 Nxd4 10. Qd3 Nc6 11. a3 Ne5 12. Qe2 Nxc4 13. Qxc4 c6 14. Rad1 Qc7 15. Rfe1 h6 16. Bh4 a6 17. Bg3 b5 18.
Qe2 e5 19. f4 Nh5 20. Bh2 Nxf4 21. Bxf4 exf4 22. Qg4 Be5 23. Ne2 h5 24. Qf3 Bxb2 25.
Qxf4 Be5 26. Qh6 Qe7 27. Nf4 Rae8 28. g4 Qh4 29. Nxg6 Qg3+ 30. Kf1 fxg6+ 31. Ke2 Rf2# 0-1

[Event "Late-Titled-Tuesday-Blitz-March-19-2024"]
[Site "Chess.com"]
[Date "2024.03.19"]
[Round "2"]
[White "babero_gordo"]
[Black "Savagelittlemole"]
[Result "0-1"]
[WhiteElo "2117"]
[BlackElo "2477"]
[TimeControl "180+1"]
[EndTime "14:16:25 PDT"]
[Termination "Savagelittlemole won by resignation"]

1. e4 c5 2. d4 cxd4 3. c3 dxc3 4. Nxc3 g6 5. Bc4 Bg7 6. Nf3 e6 7. Nb5 d5 8. exd5 Nf6 9. O-O exd5 10. Re1+ Be6 11. Bb3 O-O 12. Bf4 Na6 13. Nfd4 Bg4 14.
Qd2 Nc5 15. Bd6 Nce4 16. Qf4 g5 17. Qe5 Ne8 18. Qxd5 N4xd6 19. Nxd6 Qxd6 20. Qxb7 Rb8 21. Qe4 Qxd4 22. Rad1 Bxd1 0-1

[Event "Late-Titled-Tuesday-Blitz-March-19-2024"]
[Site "Chess.com"]
[Date "2024.03.19"]
[Round "2"]
[White "Orest_Vovk"]
[Black "Eduard_Limonov"]
[Result "0-1"]
[WhiteElo "2504"]
[BlackElo "2862"]
[TimeControl "180+1"]
[EndTime "14:16:29 PDT"]
[Termination "Eduard_Limonov won by resignation"]

1. h4 e5 2. h5 d5 3. h6 Nxh6 4. d4 e4 5. Bxh6 gxh6 6. e3 c5 7. Ne2 Nc6 8. Nbc3 Be6 9. dxc5 Bxc5 10. Nf4 Bb4 11. Nxe6 fxe6 12. Qh5+ Kd7 13. Qxh6 Bxc3+ 14. bxc3 Qa5 15. Qg7+ Kd6 16. Qg3+ Ne5 17. Rd1 Qxc3+ 18. Rd2 Rac8 19. Rh5 Rc6 20. Be2 Rb6 21. Qf4 Rb1+ 22.
Bd1 Rg8 23. Rxh7 Kc6 24. Rh6 Nf3+ 25. gxf3 Rxd1+ 26. Kxd1 Rg1+ 27. Ke2 Qc4+ 0-1

[Event "Late-Titled-Tuesday-Blitz-March-19-2024"]
[Site "Chess.com"]
[Date "2024.03.19"]
[Round "2"]
[White "Defenstrator"]
[Black "MikeSailer"]
[Result "1-0"]
[WhiteElo "2478"]
[BlackElo "2125"]
[TimeControl "180+1"]
[EndTime "14:16:33 PDT"]
[Termination "Defenstrator won by checkmate"]

1. g4 d5 2. Bg2 c6 3. c4 e6 4. d4 Bd6 5. Nf3 Nd7 6. Nc3 Ne7 7. O-O Ng6 8. e4 dxe4 9. Nxe4 Bc7 10.
Bg5 f6 11. Be3 Nf4 12. Re1 Nxg2 13. Kxg2 Nf8 14. d5 cxd5 15. cxd5 e5 16. d6 Bb6 17. Qd5 Bxe3 18. Rxe3 Ne6 19. Kh1 Bd7 20. g5 O-O 21. gxf6 gxf6 22. Nc5 Re8 23. Rg1+ Kh8 24. Nxe5 Bc6 25.
Nf7# 1-0

[Event "Late-Titled-Tuesday-Blitz-March-19-2024"]
[Site "Chess.com"]
[Date "2024.03.19"]
[Round "2"]
[White "stregachess"]
[Black "thesupera12"]
[Result "1-0"]
[WhiteElo "2013"]
[BlackElo "2444"]
[TimeControl "180+1"]
[EndTime "14:16:33 PDT"]
[Termination "stregachess won by resignation"]

1. d4 b5 2. Nf3 Bb7 3. Bf4 e6 4. e3 a6 5. Be2 Nf6 6. h3 c5 7. O-O cxd4 8. exd4 d5 9. c3 Nbd7 10.
a4 b4 11. Qb3 a5 12. cxb4 Bxb4 13. Nc3 O-O 14. Nb5 Ne4 15. Rac1 Rc8 16. Rxc8 Bxc8 17. Rc1 Ba6 18. Bc7 Qa8 19. Bf4 Rc8 20. Rc2 h6 21. Nc7 Rxc7 22. Bxc7 Bxe2 23. Rxe2 Qa6 24. Rc2 Ndf6 25.
Bf4 Qb6 26. Be3 Kh7 27. Ne5 Qb7 28. Qd3 g6 29. Rc1 Nd6 30. Qc2 Kg7 31. Qc7 Qa6 32. Rc6 Qe2 33. Rxd6 Bxd6 34. Qxd6 Qxb2 35. Qc7 Qb1+ 36.
Kh2 1-0

[Event "Late-Titled-Tuesday-Blitz-March-19-2024"]
[Site "Chess.com"]
[Date "2024.03.19"]
[Round "2"]
[White "secretworker2027"]
[Black "TigrVShlyape"]
[Result "1/2-1/2"]
[WhiteElo "2646"]
[BlackElo "2929"]
[TimeControl "180+1"]
[EndTime "14:16:37 PDT"]
[Termination "Game drawn by repetition"]

1. e4 e5 2. Nf3 Nc6 3. Bb5 Nf6 4. O-O Nxe4 5. d4 Nd6 6. dxe5 Nxb5 7. a4 Nbd4 8. Nxd4 Nxd4 9. Qxd4 Be7 10. Nc3 O-O 11.
Nd5 b6 12. Nxe7+ Qxe7 13. b3 Bb7 14. Bb2 Qe6 15. Rad1 Rad8 16. Qc3 Qc6 17. Qxc6 Bxc6 18. Rfe1 f6 19. exf6 gxf6 20. f3 Kf7 21. Kf2 Rfe8 22. Rxe8 Rxe8 23. Re1 Rg8 24. Rd1 a5 25. Rd4 h5 26.
Rf4 Rg6 27. h4 Rh6 28. g3 Ke6 29. Bc1 Rh7 30. Rd4 d5 31. Rd1 Bb7 32. Re1+ Kd7 33.
Bb2 Rh6 34. Bc1 Rg6 35. Rg1 f5 36. Ke3 d4+ 37. Kxd4 Bxf3 38. Ke5 Rc6 39. c4 Bg4 40. Bf4 Re6+ 41. Kd4 Re2 42. Kc3 c5 43. Rd1+ Kc6 44.
Rd6+ Kb7 45. Rd7+ Ka8 46. Rd8+ Kb7 47. Rd7+ Ka8 48. Rd8+ Kb7 49. Rd7+ 1/2-1/2

[Event "Late-Titled-Tuesday-Blitz-March-19-2024"]
[Site "Chess.com"]
[Date "2024.03.19"]
[Round "2"]
[White "PapaieDudu"]
[Black "katharinareinecke"]
[Result "1-0"]
[WhiteElo "2456"]
[BlackElo "1979"]
[TimeControl "180+1"]
[EndTime "14:16:38 PDT"]
[Termination "PapaieDudu won by checkmate"]

1. Nf3 d5 2. d4 Nf6 3. c4 c6 4.
Nc3 e6 5. Bg5 Be7 6. e3 O-O 7.
Bd3 dxc4 8. Bxc4 b5 9. Bb3 Bb7 10. O-O a6 11. a4 b4 12. Ne2 Nbd7 13. Nf4 c5 14. Bxe6 fxe6 15. Nxe6 Qb6 16. Nxf8 Rxf8 17. a5 Qe6 18. dxc5 Nxc5 19. Nd4 Qe4 20. f3 Qg6 21. Bh4 Nd5 22. Bxe7 Nxe7 23. Rc1 Nd3 24. Rc7 Nxb2 25. Qb3+ Bd5 26. Qxb2 Nf5 27. Nxf5 Rxf5 28. e4 Bxe4 29. fxe4 Rxf1+ 30. Kxf1 Qxe4 31. Qxg7# 1-0